 Dungeon Crawl Stone Soup version 0.22.0-49-gab54619 (webtiles) character file.

16438 poirepourri the Cleaver (level 12, -14/126 HPs)
             Began as a Deep Dwarf Fighter on Sept 4, 2018.
             Was a High Priest of Makhleb.
             Killed from afar by a necromancer (37 damage)
             ... with a bolt of cold
             ... on level 3 of the Lair of Beasts.
             The game lasted 00:09:51 (9253 turns).

poirepourri the Cleaver (Deep Dwarf Fighter)        Turns: 9253, Time: 00:09:52

Health: -14/126    AC: 10    Str: 21    XL:     12   Next: 10%
Magic:  9/9        EV:  7    Int:  9    God:    Makhleb [*****.]
Gold:   313        SH: 12    Dex: 21    Spells: 11/11 levels left

rFire    + + .     SeeInvis .   a - +5 hand axe (freeze)
rCold    . . .     Gourm    .   c - +1 shield
rNeg     . . .     Faith    .   p - +1 scale mail of Deygoc {rF++ MR- Dex+5}
rPois    .         Spirit   .   n - +0 helmet
rElec    .         Reflect  .   A - +0 cloak
rCorr    .         Harm     .   (no gloves)
MR       .....                  (no boots)
Stlth    ..........             (no amulet)
HPRegen  0.00/turn              v - ring of wizardry
MPRegen  0.11/turn              (no ring)

@: non-regenerating
A: damage resistance, heal wounds, sense surroundings 2, no regeneration
a: Heal Wounds, Minor Destruction, Lesser Servant of Makhleb, Major Destruction,
Greater Servant of Makhleb, Renounce Religion


You were on level 3 of the Lair of Beasts.
You worshipped Makhleb.
Makhleb was extremely pleased with you.
You were not hungry.

You visited 3 branches of the dungeon, and saw 13 of its levels.
You also visited: Sewer.

You collected 537 gold pieces.
You spent 224 gold pieces at shops.

Inventory:

Hand Weapons
 a - a +5 hand axe of freezing (weapon)
 b - a +0 hand crossbow
 q - a +3 war axe
Missiles
 g - 51 bolts
 u - 8 poisoned tomahawks (quivered)
 D - 4 tomahawks
Armour
 c - a +1 shield (worn)
 n - a +0 helmet (worn)
 p - the +1 scale mail of Deygoc (worn) {rF++ MR- Dex+5}
   (You found it on level 4 of the Dungeon)

   It affects your dexterity (+5).
   It greatly protects you from fire.
   It affects your resistance to hostile enchantments.
 A - a +0 cloak (worn)
Jewellery
 v - a ring of wizardry (left hand)
 y - an uncursed ring of wizardry
Wands
 t - a wand of random effects (60)
 x - a wand of disintegration (17)
 E - a wand of flame (24)
Scrolls
 j - 6 scrolls of remove curse
 k - 4 scrolls of fear
 o - 4 scrolls of teleportation
 G - 3 scrolls of blinking
Potions
 d - 2 potions of haste
 e - a potion of ambrosia {unknown}
 h - 2 potions of mutation
 i - a potion of heal wounds
 l - 4 potions of degeneration
 m - a potion of curing
 r - 4 potions of magic
 z - a potion of brilliance
 C - a potion of flight {unknown}
Miscellaneous
 s - a phial of floods (inert)
Comestibles
 f - 14 rations


   Skills:
 - Level 13.0 Fighting
 - Level 14.4 Axes
 - Level 3.2 Armour
 + Level 4.4 Shields


You had 11 spell levels left.
You didn't know any spells.
Your spell library contained the following spells:

 Spells                   Type           Power        Failure   Level  Hunger
 Animate Skeleton         Necr           N/A          83%         1    ##.....
 Apportation              Tloc           #.....       83%         1    ##.....
 Confusing Touch          Hex            #.....       83%         1    ##.....
 Summon Small Mammal      Summ           #...         83%         1    ##.....


Dungeon Overview and Level Annotations

Branches:
Dungeon (9/15)             Temple (1/1) D:4            Lair (3/6) D:8
  Snake (0/4) Lair:3
  Swamp: Lair:2-4    Shoals: Lair:2-4       Orc: D:9-12

Altars:
Ashenzari
Cheibriados
Dithmenos
Elyvilon
Gozag
Hepliaklqana
Kikubaaqudgha
Makhleb
Nemelex Xobeh
Okawaru
Qazlal
Ru
Sif Muna
Trog
Uskayaw
Vehumet
Wu Jian
Yredelemnul
Zin
The Shining One

Shops:
D:4 (   D:5 [   D:7 !


Innate Abilities, Weirdness & Mutations

You are resistant to damage.
You can heal yourself by infusing magical energy.
You passively map the area around you.
You do not regenerate.


Message History

Your body is wracked with pain!
* * * LOW HITPOINT WARNING * * *
You miss something. You hit the plant but do no damage.
You barely miss something. You hit the plant but do no damage.
Something hits you but does no damage.
Your shield and scale mail of Deygoc prevent you from hitting something.
You hit the plant. You freeze the plant. Something hits you but does no damage.
You completely miss something. You hit the plant. You freeze the plant.
You miss something. You hit the plant but do no damage.
Something hits you but does no damage.
You hit something. You freeze something. You slash the plant!
You freeze the plant. Something hits you but does no damage.
You closely miss something. You slash the plant! You freeze the plant.
You destroy the plant!
You slash something! You freeze something. Something hits you.
You completely miss something.
You hear some strange, mumbled words.
A bolt of cold appears from out of thin air!
The bolt of cold hits you!
You die...

....................#
* ###..###
.#P...............###*
##. *
.##......########.# *
.##......# #....#.# *
, , ,
..#....P.#}#....#.##*
.........#......#..# *
.......#.#......#..# ,
* < * ###......#
##'#..# * ,#......#
#.{@.P# , * , , , *
,#........... , , ,, *
#.⌠........., , ,, ,,
,, * #.P......... , *
, , ,, ......P.###..*
, , , .......###* #* ,
,, * ......... * * * ,
, .........#** , * * ,
**,, , *


There were no monsters in sight!

Vanquished Creatures
  3 hydras (Lair:2)
  Sonja (Lair:2)
  A spiny frog (Lair:1)
  A rime drake (Lair:3)
  3 komodo dragons
  A troll (D:9)
  Prince Ribbit (D:7)
  12 blink frogs
  2 hippogriffs (Lair:2)
  3 wyverns
  A vampire (D:9)
  19 yaks
  4 water moccasins
  7 porcupines
  2 ice beasts
  2 sky beasts
  2 orc warriors (D:8)
  A phantom (D:7)
  2 black bears
  A necrophage (D:9)
  5 ogres
  7 crocodiles
  3 big kobolds
  11 bullfrogs
  3 scorpions
  15 killer bees
  5 howler monkeys
  4 crimson imps
  3 hounds
  2 jellies
  Crazy Yiuf (D:5)
  A bullfrog skeleton (D:8)
  3 iguanas
  7 worker ants
  2 wolf simulacra (Lair:3)
  A hound zombie (D:7)
  A hound skeleton (D:9)
  10 gnolls
  10 adders
  3 oozes
  2 worms (D:2)
  2 dart slugs (D:2)
  9 leopard geckos
  12 orcs
  7 bats
  8 giant cockroaches
  10 goblins
  9 hobgoblins
  12 jackals
  2 quokkas
  4 ball pythons
  12 frilled lizards
  A jackal zombie (D:6)
  21 kobolds
  A leopard gecko zombie (D:7)
  5 rats
  7 fungi
  2 plants
292 creatures vanquished.

Vanquished Creatures (collateral kills)
  A catoblepas (Lair:3)
  A wyvern (Lair:3)
2 creatures vanquished.

Vanquished Creatures (others)
  A killer bee (D:9)
  A fungus (Lair:1)
  A plant (Sewer)
3 creatures vanquished.

Grand Total: 297 creatures vanquished

Notes
Turn   | Place    | Note
-------+----------+-------------------------------------------
     0 | D:1      | poirepourri the Deep Dwarf Fighter began the quest for the
                  | Orb.
     0 | D:1      | Reached XP level 1. HP: 20/20 MP: 1/1
   138 | D:1      | Reached skill level 3 in Axes
   156 | D:1      | Reached XP level 2. HP: 21/27 MP: 2/2
   412 | D:1      | Reached XP level 3. HP: 22/33 MP: 3/3
   460 | D:1      | Reached skill level 4 in Axes
   879 | D:2      | Reached XP level 4. HP: 40/40 MP: 4/4
  1053 | D:2      | Noticed a water elemental
  1055 | D:2      | Found a stormy altar of Qazlal.
  1056 | D:2      | Noticed an air elemental
  1056 | D:2      | Noticed an earth elemental
  1056 | D:2      | Noticed a fire elemental
  1206 | D:3      | Reached skill level 5 in Axes
  1241 | D:3      | Found an iron altar of Okawaru.
  1518 | D:3      | Reached XP level 5. HP: 32/46 MP: 4/4
  1524 | D:3      | Found a hide-covered altar of Uskayaw.
  1595 | D:3      | Found a shadowy altar of Dithmenos.
  1754 | D:3      | Found a sparkling altar of Nemelex Xobeh.
  1868 | D:4      | Found a glowing silver altar of Zin.
  1966 | D:4      | Found a staircase to the Ecumenical Temple.
  1976 | Temple   | Entered the Ecumenical Temple
  2097 | Temple   | Became a worshipper of Makhleb the Destroyer
  2189 | D:4      | Got a bloodstained scale mail
  2200 | D:4      | Identified the cursed +1 scale mail of Deygoc {rF++ MR-
                  | Dex+5} (You found it on level 4 of the Dungeon)
  2342 | D:4      | Reached skill level 6 in Axes
  2425 | D:4      | Found Keusocal's Weapon Boutique.
  2546 | D:5      | Entered Level 5 of the Dungeon
  2597 | D:5      | Noticed a sky beast
  2616 | D:5      | Killed a sky beast
  2616 | D:5      | Reached skill level 7 in Axes
  2616 | D:5      | Reached XP level 6. HP: 47/55 MP: 5/5
  2713 | D:5      | Reached skill level 8 in Axes
  2840 | D:5      | Reached XP level 7. HP: 36/61 MP: 6/6
  2882 | D:5      | Reached skill level 9 in Axes
  2954 | D:5      | Found Kutriur's Antique Armour Boutique.
  2984 | D:5      | Reached * piety under Makhleb
  3063 | D:5      | Found a runed door.
  3170 | D:5      | Noticed Crazy Yiuf
  3178 | D:5      | Killed Crazy Yiuf
  3178 | D:5      | Reached skill level 10 in Axes
  3234 | D:6      | Reached XP level 8. HP: 62/68 MP: 5/5
  3262 | D:6      | Found a basalt altar of Yredelemnul.
  3553 | D:6      | Found a sacrificial altar of Ru.
  3577 | D:6      | Reached skill level 11 in Axes
  3584 | D:6      | Found a snail-covered altar of Cheibriados.
  3718 | D:6      | Found a glowing drain.
  3729 | Sewer    | Entered a sewer
  3818 | Sewer    | Reached ** piety under Makhleb
  4716 | D:7      | Noticed Prince Ribbit
  4735 | D:7      | Killed Prince Ribbit
  4735 | D:7      | Reached skill level 12 in Axes
  4875 | D:7      | Gained mutation: You passively map the area around you.
                  | [Deep Dwarf growth]
  4875 | D:7      | Reached XP level 9. HP: 73/74 MP: 6/6
  4932 | D:7      | Found an ancient bone altar of Kikubaaqudgha.
  5083 | D:7      | Found Ashraargh's Distillery.
  5091 | D:7      | Bought a potion of heal wounds for 70 gold pieces
  5091 | D:7      | Bought a potion of heal wounds for 70 gold pieces
  5091 | D:7      | Bought a potion of curing for 42 gold pieces
  5215 | D:7      | Bought a potion of curing for 42 gold pieces
  5288 | D:8      | Reached skill level 13 in Axes
  5329 | D:8      | Reached *** piety under Makhleb
  5483 | D:8      | Reached skill level 14 in Axes
  5523 | D:8      | Found a deep blue altar of Sif Muna.
  5691 | D:8      | Found a staircase to the Lair.
  5909 | D:8      | Found a hazy altar of Hepliaklqana.
  5953 | D:9      | Noticed a troll
  5975 | D:9      | Killed a troll
  5975 | D:9      | Reached XP level 10. HP: 87/87 MP: 7/7
  5992 | D:9      | Reached skill level 5 in Fighting
  6117 | D:9      | Reached **** piety under Makhleb
  6691 | D:9      | Found a burning altar of Makhleb.
  6861 | Lair:1   | Entered Level 1 of the Lair of Beasts
  7064 | Lair:1   | Reached XP level 11. HP: 107/107 MP: 8/8
  7252 | Lair:1   | Reached skill level 10 in Fighting
  8236 | Lair:2   | Noticed a five-headed hydra
  8241 | Lair:2   | Killed a six-headed hydra
  8270 | Lair:2   | Noticed a seven-headed hydra
  8275 | Lair:2   | Killed a seven-headed hydra
  8277 | Lair:2   | Noticed Sonja
  8290 | Lair:2   | Killed Sonja
  8614 | Lair:2   | Noticed a four-headed hydra
  8633 | Lair:2   | Killed a nine-headed hydra
  8909 | Lair:3   | Reached ***** piety under Makhleb
  8922 | Lair:3   | Reached XP level 12. HP: 95/123 MP: 9/9
  9012 | Lair:3   | Noticed a catoblepas
  9043 | Lair:3   | Killed a catoblepas
  9253 | Lair:3   | Killed from afar by a necromancer

Skill      XL: |  1  2  3  4  5  6  7  8  9 10 11 12 |
---------------+-------------------------------------+-----
Axes           | 3 4 5 7 8 10 12 14 | 14.4
Fighting       | 4 9 12 13 | 13.0
Shields        | 4 |  4.4
Armour         | |  3.2

Action                   |  1- 3 |  4- 6 |  7- 9 | 10-12 || total
-------------------------+-------+-------+-------+-------++-------
Melee: War axe           |   124 |    92 |       |       ||   216
       Hand axe          |       |    39 |   421 |   404 ||   864
 Abil: Heal Wounds       |     1 |     2 |     7 |     1 ||    11
Evoke: Wand              |       |       |     1 |    21 ||    22
       Phial of floods   |       |       |       |     1 ||     1
  Use: Scroll            |     8 |     6 |     6 |     5 ||    25
       Potion            |     1 |     1 |     2 |     9 ||    13
  Eat: Ration            |       |     2 |     3 |     2 ||     7
       Chunk             |       |       |     1 |     3 ||     4
Armor: Scale mail        |    61 |    72 |    90 |   128 ||   351
       Skin              |       |       |    54 |    11 ||    65
Dodge: Dodged            |    46 |    35 |    70 |    87 ||   238
Block: Shield            |    71 |    67 |   174 |   159 ||   471
